 Dungeon Crawl Stone Soup version 0.31-a0-816-gd61d57ddb1 (webtiles) character file.

Game seed: 18316202450065619283

4105 Anon1729 the Fighter (level 10, -22/94 HPs)
             Began as a Minotaur Monk on Sept 22, 2023.
             Was a Priest of Okawaru.
             Killed from afar by an acid dragon (30 damage)
             ... with a splash of acid
             ... on level 8 of the Dungeon.
             The game lasted 00:05:20 (7534 turns).

Anon1729 the Fighter (Minotaur Monk)                Turns: 7534, Time: 00:05:21

Health: -22/94     AC: -2    Str: 15    XL:     10   Next: 6%
Magic:  10/10      EV: 18    Int:  7    God:    Okawaru [***...]
Gold:   371        SH:  0    Dex: 18    Spells: 9/9 levels left

rFire   . . .        a - +5 great sword
rCold   . . .        (shield currently unavailable)
rNeg    . . .        w - +0 steam dragon scales
rPois   .            (helmet restricted)
rElec   .            (no cloak)
rCorr   .            k - +0 pair of gloves
SInv    .            e - +2 pair of boots {rampage}
Will    .....        (no amulet)
Stlth   ++           (no ring)
HPRegen 0.35/turn    (no ring)
MPRegen 0.12/turn

%: rampage
@: corroded
A: horns 2, retaliatory headbutt
a: Renounce Religion, Heroism


You were on level 8 of the Dungeon.
You worshipped Okawaru.
Okawaru was most pleased with you.
You visited 2 branches of the dungeon, and saw 9 of its levels.

You collected 371 gold pieces.

Inventory:

Hand Weapons
 a - a +5 great sword (weapon)
 y - a +3 falchion
Armour
 d - an orb of light
 e - a +2 pair of boots of rampaging (worn)
 j - the +0 ring mail "Ruzedare" {Dex+3}
   (You found it on level 3 of the Dungeon)

   Dex+3:     It affects your dexterity (+3).
 k - a +0 pair of gloves (worn)
 w - +0 steam dragon scales (worn)
 A - a +1 buckler of cold resistance
Jewellery
 b - a ring of wizardry
Wands
 x - a wand of digging (8)
Scrolls
 i - a scroll of teleportation
 m - a scroll of fog
 n - 2 scrolls of revelation
 r - a scroll of vulnerability
 s - a scroll of immolation {unknown}
 u - 2 scrolls of fear {unknown}
 z - a scroll of noise {unknown}
 B - a scroll of identify
Potions
 f - a potion of heal wounds
 g - a potion of resistance {unknown}
 h - 3 potions of might
 l - 2 potions of attraction {unknown}
 o - a potion of lignification {unknown}
 p - 2 potions of curing {unknown}
 q - a potion of brilliance {unknown}
 t - a potion of degeneration {unknown}
 v - a potion of haste {unknown}


   Skills:
 + Level 10.4 Fighting
 + Level 10.3 Long Blades
 + Level 2.3 Armour
 + Level 9.5 Dodging
 + Level 0.2 Stealth
 + Level 1.8 Invocations
 + Level 1.6 Evocations


You had 9 spell levels left.
You didn't know any spells.
Your spell library contained the following spells:

 Spells                   Type           Power      Damage    Failure   Level
 Necrotise                Necr           0%         1d4       43%         1
 Ensorcelled Hibernation  Hex/Ice        0%         N/A       56%         2
 Jinxbite                 Hex            0%         N/A       56%         2
 Dazzling Flash           Conj/Hex       0%         N/A       80%         3
 Vampiric Draining        Necr           0%         2d6       80%         3
 Anguish                  Hex/Necr       0%         N/A       99%         4
 Vhi's Electric Charge    Tloc/Air       0%         N/A       99%         4
 Agony                    Necr           0%         N/A       100%        5
 Arcjolt                  Conj/Air       0%         1d10      100%        5
 Silence                  Hex/Air        0%         N/A       100%        5
 Plasma Beam              Fire/Air       0%         2x1d10    100%        6
 Chain Lightning          Conj/Air       0%         N/A       100%        9
 Fire Storm               Conj/Fire      0%         5d1       100%        9
 Shatter                  Erth           0%         3d5*      100%        9


Dungeon Overview and Level Annotations

Branches:
Dungeon (8/15)             Temple (1/1) D:5
   Lair: D:8-11

Altars:
Ashenzari
Dithmenos
Elyvilon
Fedhas
Gozag
Hepliaklqana
Kikubaaqudgha
Makhleb
Nemelex Xobeh
Okawaru
Qazlal
Ru
Sif Muna
Trog
Uskayaw
Vehumet
Xom
Yredelemnul
Zin
The Shining One

Annotations:
D:3 3 runed translucent doors, Dirtsage's ghost, amateur DsFi; Maratek's ghost, amateur OpFi; Takeo's ghost, amateur DECj; fetfluga's ghost, novice HOMo


Innate Abilities, Weirdness & Mutations

You have a pair of horns on your head.
You reflexively headbutt those who attack you in melee.


Message History

* * * LOW HITPOINT WARNING * * *
It was a potion of heal wounds.
You feel much better. The bullfrog hits you. The bullfrog misses you.
You furiously retaliate!
You headbutt the bullfrog!
You kill the bullfrog!
Okawaru accepts your kill.
You barely miss the acid dragon.
You headbutt the acid dragon, but do no damage.
The acid dragon closely misses you. You furiously retaliate!
You headbutt the acid dragon. The acid dragon misses you.
You hit the acid dragon but do no damage.
Your headbutt misses the acid dragon.
The acid dragon is lightly wounded.
The acid dragon closely misses you. x2
You slice the acid dragon!!
The acid dragon is severely wounded.
The acid dragon barely misses you. You furiously retaliate!
You headbutt the acid dragon, but do no damage.
The acid dragon completely misses you.
You hit the acid dragon. Your headbutt misses the acid dragon.
The acid dragon is almost dead.
The acid dragon spits acid at you. The splash of acid misses you.
You completely miss the acid dragon.
The acid dragon is almost dead.
The acid dragon misses you. The acid dragon claws you.
The acid dragon barely misses you. The acid dragon claws you.
You hit the acid dragon.
You kill the acid dragon!
Okawaru accepts your kill.
You hit the acid dragon but do no damage.
The acid dragon is lightly wounded.
The acid dragon spits acid at you. The splash of acid hits you!!
* * * LOW HITPOINT WARNING * * *
The acid corrodes you!
You slash the acid dragon!
The acid dragon is moderately wounded.
The acid dragon spits acid at you. The splash of acid hits you!!
You die...

#.#.#.#.#.#.#
#.#.#.#.#.#.#
#.#..<..#.#.#
#.#######.#.# ########
#.........#.# #.......
#############.# ......
#.............# ....
#.####################..
#.#....@D...............
#...#...##############..
#####...# #.. #...# ...
#...# .... #...# .....
#>..# ...... #...#
#.....# #####


You could see an acid dragon (catching breath).

Vanquished Creatures
  A komodo dragon (D:7)
  Grinder (D:5)
  A hornet (D:7)
  Prince Ribbit (D:6)
  Sigmund (D:6)
  5 yaks (D:8)
  A wyvern (D:7)
  2 steam dragons
  An acid dragon (D:8)
  An orc warrior (D:7)
  2 ice beasts
  A phantom (D:6)
  4 bullfrogs
  A gnoll sergeant (D:7)
  2 scorpions
  9 wights (D:7)
  A hound (D:4)
  An orc priest (D:4)
  A jelly (D:4)
  8 iguanas
  2 sleepcaps
  9 gnolls
  6 adders
  A shadow imp (D:6)
  A white imp (D:7)
  An ufetubus (D:4)
  A worm (D:3)
  3 dart slugs
  11 orcs
  5 ball pythons
  11 endoplasms
  14 giant cockroaches
  6 goblins
  8 hobgoblins
  3 jackals (D:3)
  4 quokkas
  8 bats
  9 frilled lizards
  12 kobolds
  4 rats
164 creatures vanquished.

Notes
Turn   | Place    | Note
-------+----------+-------------------------------------------
     0 | D:1      | Anon1729 the Minotaur Monk began the quest for the Orb.
     0 | D:1      | Reached XP level 1. HP: 19/19 MP: 0/0
   145 | D:1      | Found a faded altar of an unknown god.
   234 | D:1      | Reached XP level 2. HP: 27/27 MP: 1/1
   972 | D:2      | Reached XP level 3. HP: 33/33 MP: 2/2
  1701 | D:2      | Identified a scroll of acquirement
  1702 | D:2      | Acquired a +0 pair of boots of rampaging
  1770 | D:3      | Found a hide-covered altar of Uskayaw.
  1775 | D:3      | Found a shadowy altar of Dithmenos.
  1786 | D:3      | Found a sparkling altar of Nemelex Xobeh.
  1786 | D:3      | Found a shimmering altar of Xom.
  1806 | D:3      | Found a glowing silver altar of Zin.
  1947 | D:3      | Reached XP level 4. HP: 41/41 MP: 3/3
  2053 | D:3      | Identified the +0 ring mail "Ruzedare" {Dex+3}
  2195 | D:3      | Found a runed translucent gate.
  2195 | D:3      | Found a runed translucent gate.
  2195 | D:3      | Found a runed translucent gate.
  2197 | D:3      | Noticed fetfluga's ghost (novice HOMo)
  2197 | D:3      | Noticed Dirtsage's ghost (amateur DsFi)
  2198 | D:3      | Noticed Maratek's ghost (amateur OpFi)
  2198 | D:3      | Noticed Takeo's ghost (amateur DECj)
  2439 | D:4      | Reached skill level 5 in Fighting
  2439 | D:4      | Reached skill level 5 in Long Blades
  2439 | D:4      | Reached XP level 5. HP: 40/48 MP: 4/4
  2747 | D:4      | Reached skill level 5 in Dodging
  2747 | D:4      | Reached XP level 6. HP: 42/56 MP: 5/5
  3648 | D:5      | Entered Level 5 of the Dungeon
  3659 | D:5      | Found a staircase to the Ecumenical Temple.
  3868 | D:5      | Noticed an ice beast
  3875 | D:5      | Killed an ice beast
  3902 | D:5      | Noticed Grinder
  3908 | D:5      | Reached XP level 7. HP: 59/64 MP: 6/6
  3914 | D:5      | Killed Grinder
  4203 | D:6      | Noticed Sigmund
  4209 | D:6      | Killed Sigmund
  4210 | D:6      | Reached XP level 8. HP: 73/73 MP: 7/7
  5052 | D:6      | Noticed Prince Ribbit
  5062 | D:6      | Killed Prince Ribbit
  6025 | D:7      | Noticed a komodo dragon
  6046 | D:7      | Killed a komodo dragon
  6047 | D:7      | Reached XP level 9. HP: 64/83 MP: 8/8
  6891 | D:7      | Reached skill level 10 in Fighting
  7101 | Temple   | Entered the Ecumenical Temple
  7107 | Temple   | Became a worshipper of Warmaster Okawaru
  7107 | Temple   | Reached * piety under Okawaru
  7107 | Temple   | Reached ** piety under Okawaru
  7232 | D:8      | Found a bloodstained altar of Trog.
  7240 | D:8      | Reached skill level 10 in Long Blades
  7348 | D:8      | Reached skill level 1 in Armour
  7352 | D:8      | Reached skill level 1 in Invocations
  7352 | D:8      | Reached skill level 1 in Evocations
  7358 | D:8      | Reached *** piety under Okawaru
  7359 | D:8      | Reached XP level 10. HP: 87/94 MP: 8/10
  7534 | D:8      | Killed from afar by an acid dragon

Illustrated notes

Levels and vault maps discovered:
D:1:      psy_arrival_conway, layout_rooms, chequers_ecumenical_altar_lobes
D:2:      layout_basic
D:3:      minmay_roachtagon, layout_basic, nicolae_overflow_hallway_of_the_gods,
          gammafunk_ghost_cemetery, kennysheep_generic_room_7
D:4:      layout_basic
D:5:      layout_rooms, minmay_temple_entry_wispy, uniq_grinder
D:6:      layout_basic, uniq_prince_ribbit1, uniq_sigmund
D:7:      layout_cave_pods, minmay_lizard_king
D:8:      layout_basic, lightli_temple_of_fire, old_standard_altar,
          uniq_gastronok
Temple:   eino_narrow_crystal_temple

Skill      XL: |  1  2  3  4  5  6  7  8  9 |
---------------+----------------------------+-----
Fighting       | 4 5 6 7 9 10 | 10.4
Long Blades    | 4 5 6 7 9 10 | 10.3
Dodging        | 4 5 6 8 9 |  9.5
Armour         | 2 |  2.3
Invocations    | 1 |  1.8
Evocations     | 1 |  1.6
Stealth        | |  0.2

Action                     |  1- 3 |  4- 6 |  7- 9 | 10-12 || total
---------------------------+-------+-------+-------+-------++-------
  Melee: Falchion          |    81 |   115 |   181 |       ||   377
         Headbutt          |    18 |    27 |    62 |     1 ||   108
         Great sword       |       |       |    17 |    12 ||    29
    Use: Scroll            |     6 |     2 |     2 |       ||    10
         Potion            |       |       |       |     2 ||     2
 Armour: Robe              |    46 |    22 |       |       ||    68
         Ring mail         |       |    71 |    43 |       ||   114
         Steam dragon scal |       |       |    70 |    21 ||    91
  Dodge: Dodged            |    50 |   104 |   155 |    37 ||   346

Table legend: (Time is in decaauts)
 A = Elapsed time spent in this place.
 B = Non-inter-level travel time spent in this place.
 C = Inter-level travel time spent in this place.
 D = Time resting spent in this place.
 E = Time spent auto-exploring this place.
 F = Levels seen in this place.
 G = Mean time per level.
                   A        B        C        D        E       F      G
               +--------+--------+--------+--------+--------+-----+--------+
         Total |   7536 |   6878 |    658 |    784 |   5233 |   9 |  837.3 |
       Dungeon |   7523 |   6876 |    647 |    784 |   5233 |   8 |  940.4 |
        Temple |     12 |      1 |     11 |      0 |      0 |   1 |   12.0 |
               +--------+--------+--------+--------+--------+-----+--------+

Top non-repeatable levels by time:
     D:6: 1617 daAuts
     D:7: 1437 daAuts
     D:4: 1213 daAuts
     D:2: 1075 daAuts
     D:3: 703 daAuts
     D:1: 672 daAuts
     D:5: 419 daAuts
     D:8: 383 daAuts
  Temple: 12 daAuts
